 Dungeon Crawl Stone Soup version 0.22-a0-283-g1871b15 (webtiles) character file.

164 tsouns the Shield-Bearer (level 5, 0/47 HPs)
             Began as a Gnoll Fighter on Mar 18, 2018.
             Killed by divine providence
             ... invoked by an orc priest
              (15 damage)
             ... on level 3 of the Dungeon.
             The game lasted 00:04:28 (1461 turns).

tsouns the Shield-Bearer (Gnoll Fighter)            Turns: 1461, Time: 00:04:29

Health: 0/47       AC: 16    Str: 18    XL:     5   Next: 45%
Magic:  7/7        EV:  4    Int: 11    God:
Gold:   115        SH: 11    Dex: 15    Spells: 6/6 levels left

rFire    . . .     SeeInvis .   a - +1 war axe
rCold    . . .     Gourm    .   c - +1 shield
rNeg     . . .     Faith    .   q - +0 plate armour
rPois    .         Spirit   .   (no helmet)
rElec    .         Reflect  .   (no cloak)
rCorr    .         Harm     +   (no gloves)
MR       .....                  r - +2 pair of boots
Stlth    ..........             t - amulet of harm
HPRegen  0.15/turn              o - ring of loudness (curse)
MPRegen  0.10/turn              u - ring of flight

@: no status effects
A: distributed training, fangs 1, strong nose
a: Evoke Flight


You were on level 3 of the Dungeon.
You were not hungry.

You visited 1 branch of the dungeon, and saw 3 of its levels.

You collected 115 gold pieces.

Inventory:

Hand Weapons
 a - a +1 war axe (weapon)
Missiles
 h - 24 arrows
 i - 59 stones (quivered)
 k - 60 sling bullets
 l - a throwing net
Armour
 b - a +0 scale mail
 c - a +1 shield (worn)
 q - a +0 plate armour (worn)
 r - a +2 pair of boots (worn)
Jewellery
 o - a cursed ring of loudness (left hand)
 t - an amulet of harm (around neck)
 u - a ring of flight (right hand)
Wands
 w - a wand of paralysis (16)
Scrolls
 n - a scroll of immolation {unknown}
 s - a scroll of amnesia {unknown}
Potions
 d - a potion of might
 e - 3 potions of curing {unknown}
 g - a potion of heal wounds
 m - a potion of flight {unknown}
 p - 3 potions of brilliance {unknown}
 v - a potion of cancellation {unknown}
Comestibles
 f - 9 rations
 j - 7 chunks of flesh


   Skills:
 + Level 6.7 Fighting
 + Level 1.4 Short Blades
 + Level 1.4 Long Blades
 + Level 4.8 Axes
 + Level 1.4 Maces & Flails
 + Level 1.4 Polearms
 + Level 1.4 Staves
 + Level 1.4 Slings
 + Level 1.4 Bows
 + Level 1.4 Crossbows
 + Level 1.4 Throwing
 + Level 6.7 Armour
 + Level 1.4 Dodging
 + Level 1.4 Stealth
 + Level 6.7 Shields
 + Level 1.4 Unarmed Combat
 + Level 1.4 Spellcasting
 + Level 1.1 Conjurations
 + Level 1.1 Hexes
 + Level 1.1 Charms
 + Level 1.1 Summonings
 + Level 1.1 Necromancy
 + Level 1.1 Translocations
 + Level 1.1 Transmutations
 + Level 1.1 Fire Magic
 + Level 1.1 Ice Magic
 + Level 1.1 Air Magic
 + Level 1.1 Earth Magic
 + Level 1.1 Poison Magic
 + Level 1.6 Invocations
 + Level 1.4 Evocations


You had 6 spell levels left.
You didn't know any spells.

Dungeon Overview and Level Annotations

Branches:
Dungeon (3/15)

Altars:


Innate Abilities, Weirdness & Mutations

Your experience applies equally to all skills.
You have very sharp teeth.
Your uncanny sense of smell can sniff out nearby items.


Message History

You closely miss the orc priest. Your bite misses the orc priest.
You slash the goblin!
You kill the goblin!
You block the orc priest's attack.
You closely miss the orc priest.
The orc priest calls down the wrath of Beogh upon you.
Beogh smites you!
You hit the orc priest but do no damage.
The orc priest hits you but does no damage.
You barely miss the orc priest. You block the orc priest's attack.
The orc priest hits you but does no damage.
Unknown command.
Evoke which item? (* to show all) (? for menu, Esc to quit)
Aiming: Paralyse
Press: ? - help, Shift-Dir - straight line, f - orc priest
Aim: an orc priest, wielding a hand axe (chance to defeat MR: 50%)
The orc priest resists with some effort.
The orc priest calls down the wrath of Beogh upon you.
Beogh smites you!
You die...

.$...#..o..
..
..g....<.o. ∆
[..
#..##......
... ..!.##.##
..## #..#. ..
## #.. # #. #
#r# .. #.#.#
# ∆ #.
#.###)#.####.
.
#..<@o.......
#
#####...####
#[).# #...#
......
....###
).....
.....## ∆
##.(.##


You could see an orc priest.

Vanquished Creatures
  Ijyb (D:2)
  5 gnolls
  3 adders (D:2)
  2 adder skeletons (D:2)
  A worm (D:2)
  A leopard gecko (D:3)
  3 orcs
  A bat skeleton (D:2)
  2 bat zombies (D:2)
  5 giant cockroaches
  5 goblins
  4 hobgoblins
  A ball python zombie (D:2)
  4 bats
  3 frilled lizards (D:1)
  7 kobolds
  8 rats
56 creatures vanquished.

Notes
Turn   | Place    | Note
-------+----------+-------------------------------------------
     0 | D:1      | tsouns the Gnoll Fighter began the quest for the Orb.
     0 | D:1      | Reached XP level 1. HP: 23/23 MP: 1/1
   118 | D:1      | Reached XP level 2. HP: 24/29 MP: 2/2
   315 | D:1      | Reached XP level 3. HP: 35/35 MP: 3/3
   889 | D:2      | Reached skill level 1 in Invocations
  1019 | D:2      | Reached skill level 1 in Short Blades
  1019 | D:2      | Reached skill level 1 in Long Blades
  1019 | D:2      | Reached skill level 1 in Maces & Flails
  1019 | D:2      | Reached skill level 1 in Polearms
  1019 | D:2      | Reached skill level 1 in Staves
  1019 | D:2      | Reached skill level 1 in Slings
  1019 | D:2      | Reached skill level 1 in Bows
  1019 | D:2      | Reached skill level 1 in Crossbows
  1019 | D:2      | Reached skill level 1 in Throwing
  1019 | D:2      | Reached skill level 1 in Dodging
  1019 | D:2      | Reached skill level 1 in Stealth
  1019 | D:2      | Reached skill level 1 in Unarmed Combat
  1019 | D:2      | Reached skill level 1 in Spellcasting
  1019 | D:2      | Reached skill level 1 in Evocations
  1019 | D:2      | Reached XP level 4. HP: 41/41 MP: 5/5
  1128 | D:2      | Reached skill level 1 in Conjurations
  1128 | D:2      | Reached skill level 1 in Hexes
  1128 | D:2      | Reached skill level 1 in Charms
  1128 | D:2      | Reached skill level 1 in Summonings
  1128 | D:2      | Reached skill level 1 in Necromancy
  1128 | D:2      | Reached skill level 1 in Translocations
  1128 | D:2      | Reached skill level 1 in Transmutations
  1128 | D:2      | Reached skill level 1 in Fire Magic
  1128 | D:2      | Reached skill level 1 in Ice Magic
  1128 | D:2      | Reached skill level 1 in Air Magic
  1128 | D:2      | Reached skill level 1 in Earth Magic
  1128 | D:2      | Reached skill level 1 in Poison Magic
  1268 | D:2      | Reached XP level 5. HP: 47/47 MP: 6/6
  1427 | D:3      | Noticed Ijyb
  1431 | D:2      | Killed Ijyb
  1461 | D:3      | Killed from afar by an orc priest

Vault maps used:
D:1:      dpeg_arrival_erosion
D:2:      serial_undead, serial_undead_e, serial_undead_b, serial_undead_a,
          serial_undead_f, serial_bayou_pond_e
D:3:      lemuel_crystal_altar, portal_sewer_entry_c, uniq_ijyb

Skill      XL: |  1  2  3  4 |
---------------+-------------+-----
Invocations    | 1 |  1.6
Short Blades   | 1 |  1.4
Long Blades    | 1 |  1.4
Maces & Flails | 1 |  1.4
Polearms       | 1 |  1.4
Staves         | 1 |  1.4
Slings         | 1 |  1.4
Bows           | 1 |  1.4
Crossbows      | 1 |  1.4
Throwing       | 1 |  1.4
Dodging        | 1 |  1.4
Stealth        | 1 |  1.4
Unarmed Combat | 1 |  1.4
Spellcasting   | 1 |  1.4
Evocations     | 1 |  1.4
Conjurations   | 1 |  1.1
Hexes          | 1 |  1.1
Charms         | 1 |  1.1
Summonings     | 1 |  1.1
Necromancy     | 1 |  1.1
Translocations | 1 |  1.1
Transmutations | 1 |  1.1
Fire Magic     | 1 |  1.1
Ice Magic      | 1 |  1.1
Air Magic      | 1 |  1.1
Earth Magic    | 1 |  1.1
Poison Magic   | 1 |  1.1
Fighting       | |  6.7
Axes           | |  4.8
Armour         | |  6.7
Shields        | |  6.7

Action                   |  1- 3 |  4- 6 || total
-------------------------+-------+-------++-------
Melee: War axe           |    76 |    43 ||   119
       Bite              |     6 |       ||     6
Evoke: Wand              |       |     1 ||     1
  Use: Scroll            |     5 |       ||     5
  Eat: Chunk             |       |     2 ||     2
Armor: Scale mail        |    36 |     1 ||    37
       Plate armour      |       |    25 ||    25
Dodge: Dodged            |    20 |     8 ||    28
Block: Shield            |    51 |    35 ||    86

Table legend:
 A = Spawn XP
 B = Non-spawn XP
 C = Spawn XP percentage of total XP
 D = Spawn monster count
 E = Non-spawn monster count
 F = Spawn count percentage of total count
 G = Total turns spent on level
                    A         B        C        D         E        F      G
               +---------+---------+-------+---------+---------+-------+---------
         Total |       0 |     235 |   0.0 |       0 |      56 |   0.0 |  1461
               +---------+---------+-------+---------+---------+-------+---------
           D:1 |       0 |      46 |   0.0 |       0 |      23 |   0.0 |   823
           D:2 |       0 |     176 |   0.0 |       0 |      27 |   0.0 |   611
           D:3 |       0 |      13 |   0.0 |       0 |       6 |   0.0 |    27
               +---------+---------+-------+---------+---------+-------+---------
